 Dungeon Crawl Stone Soup version 0.31-a0-986-g5e6e4ef867 (webtiles) character file.

Game seed: 5468508496928505956

2263831 Hi5aMiFi the Planerender (level 27, 220/222 HPs)
             Began as a Barachi Summoner on Nov 7, 2023.
             Was a High Priest of Sif Muna.
             Escaped with the Orb
             ... and 4 runes on Nov 20, 2023!
             The game lasted 11:59:34 (72167 turns).

Hi5aMiFi the Planerender (Barachi Summoner)        Turns: 72167, Time: 11:59:35

Health: 220/222    AC: 15    Str: 17    XL:     27
Magic:  57/57      EV: 21    Int: 51    God:    Sif Muna [*****.]
Gold:   1602       SH: 19    Dex: 19    Spells: 10/66 levels left

rFire   + + .        a - +10 hand axe of Dividends {drain, rF+ Will+ Int+4}
rCold   + . .        T - +5 kite shield {rC+ rF+}
rNeg    + + .        U - +0 robe of Resonance {+Inv rN++ Int+3 Stlth-}
rPois   +            h - +3 hat of Pondering {ponderous, Will+ MP+10 Int+5}
rElec   +            G - +2 cloak {rCorr}
rCorr   +            f - +2 pair of gloves of the Turtledove {rElec rPois}
SInv    .            e - +2 pair of boots
Will    +++++        u - amulet of magic regeneration
Stlth   +            p - ring "Oppocrev" {Contam rPois Will+++ Str+6 Int+7}
HPRegen 0.57/turn    r - ring of Eziufuem {Will+ Int+6 Dex+4}
MPRegen 0.75/turn

%: no passive effects
@: hasted, studying Ranged Weapons, quick
A: amphibious, slowness 1, strong legs 2, +LOS, deterioration 1
0: Orb of Zot
}: 4/15 runes: decaying, serpentine, slimy, silver
a: Hop, Renounce Religion, Evoke Invisibility, Channel Magic, Forget Spell,
Divine Exegesis


You escaped.
You worshipped Sif Muna.
Sif Muna was extremely pleased with you.
You visited 11 branches of the dungeon, and saw 53 of its levels.
You also visited: Bailey and Gauntlet.

You collected 7681 gold pieces.
You spent 6079 gold pieces at shops.

Inventory:

Hand Weapons
 a - the +10 hand axe of Dividends (weapon) {drain, rF+ Will+ Int+4}
   (You found it on level 15 of the Dungeon)

   Int+4:     It affects your intelligence (+4).
   rF+:       It protects you from fire.
   Will+:     It increases your willpower.
 v - a +9 trident of draining
Missiles
 g - 8 curare-tipped darts (quivered)
 n - 5 throwing nets
Armour
 e - a +2 pair of boots (worn)
 f - the +2 pair of gloves of the Turtledove (worn) {rElec rPois}
   (You found it on level 5 of the Pits of Slime)

   rElec:     It insulates you from electricity.
   rPois:     It protects you from poison
 h - the +3 hat of Pondering (worn) {ponderous, Will+ MP+10 Int+5}
   (You took it off Gastronok on level 8 of the Dungeon)

   Int+5:     It affects your intelligence (+5).
   Will+:     It increases your willpower.
   MP+10:     It affects your magic capacity (+10).
 w - the +1 pair of gloves of Twilight {rF+ rC+ Int+2}
   (You found it on level 3 of the Vaults)

   Int+2:     It affects your intelligence (+2).
   rF+:       It protects you from fire.
   rC+:       It protects you from cold.
 F - the +0 leather armour "Focatis" {rElec Regen+ Int+3}
   (You found it on level 4 of the Swamp)

   Int+3:     It affects your intelligence (+3).
   rElec:     It insulates you from electricity.
   Regen+:    It increases your rate of health regeneration.
 G - a +2 cloak of preservation (worn)
 T - a +5 kite shield of resistance (worn)
 U - the +0 robe of Resonance (worn) {+Inv rN++ Int+3 Stlth-}
   (You bought it in a shop on level 1 of the Depths)

   Int+3:     It affects your intelligence (+3).
   rN++:      It greatly protects you from negative energy.
   +Inv:      It lets you turn invisible.
   Stlth-:    It makes you less stealthy.
Jewellery
 p - the ring "Oppocrev" (left hand) {Contam rPois Will+++ Str+6 Int+7}
   (You bought it in a shop on level 1 of the Depths)

   [ring of strength]

   Str+6:     It affects your strength (+6).
   Int+7:     It affects your intelligence (+7).
   rPois:     It protects you from poison Will+++: It greatly increases your
   willpower.
   Contam:    It causes magical contamination when unequipped.
 r - the ring of Eziufuem (right hand) {Will+ Int+6 Dex+4}
   (You bought it in a shop on level 2 of the Orcish Mines)

   [ring of willpower]

   Int+6:     It affects your intelligence (+6).
   Dex+4:     It affects your dexterity (+4).
   Will+:     It increases your willpower.
 u - an amulet of magic regeneration (around neck)
 y - the ring of Citutatotej {rN+ rCorr Slay+4}
   (You took it off a deep elf master archer on level 3 of the Elven Halls)

   [ring of slaying]

   Slay+4:    It affects your accuracy & damage with ranged weapons and melee
   (+4).
   rN+:       It protects you from negative energy.
   rCorr:     It protects you from acid and corrosion.
 I - a ring of see invisible
 J - the ring "Wuco" {rC+ Will+++ Int-3 Dex+9 Slay-6}
   (You took it off a spriggan defender on level 2 of the Depths)

   [ring of protection from cold]

   Int-3:     It affects your intelligence (-3).
   Dex+9:     It affects your dexterity (+9).
   Slay-6:    It affects your accuracy & damage with ranged weapons and melee
   (-6).
   rC+:       It protects you from cold.
   Will+++:   It greatly increases your willpower.
 P - the ring "Ycoiq" {rN+ Int+4}
   (You found it on level 13 of the Dungeon)

   [ring of positive energy]

   Int+4:     It affects your intelligence (+4).
   rN+:       It protects you from negative energy.
 X - a +5 ring of evasion
 Y - the ring of Myimag {Drain rF+ rC+ Will+}
   (You bought it in a shop on level 2 of the Orcish Mines)

   [ring of protection from cold]

   rF+:       It protects you from fire.
   rC+:       It protects you from cold.
   Will+:     It increases your willpower.
   Drain:     It drains your maximum health when unequipped.
Wands
 l - a wand of quicksilver (20)
 z - a wand of iceblast (69)
 B - a wand of digging (5)
 O - a wand of paralysis (53)
Scrolls
 d - 3 scrolls of immolation
 j - 21 scrolls of teleportation
 m - 8 scrolls of poison
 q - 2 scrolls of blinking
 s - 5 scrolls of vulnerability
 A - a scroll of revelation
 N - 3 scrolls of silence
 Q - 9 scrolls of fear
 V - 2 scrolls of butterflies
 W - 6 scrolls of fog
Potions
 b - 6 potions of might
 c - 2 potions of cancellation
 i - 10 potions of mutation
 k - 3 potions of brilliance
 o - 8 potions of attraction
 t - a potion of resistance
 x - 2 potions of lignification
 C - 4 potions of ambrosia
 D - 7 potions of enlightenment
 E - 6 potions of curing
 H - a potion of invisibility
 M - 7 potions of heal wounds
 S - a potion of haste
Miscellaneous
 K - a phantom mirror
 L - a phial of floods
 R - a box of beasts
 Z - a tin of tremorstones (2/2)


   Skills:
 + Level 19.2 Fighting
 - Level 11.1 Polearms
 - Level 8.1 Armour
 - Level 15.0 Dodging
 - Level 1.7 Stealth
 - Level 15.0 Shields
 - Level 20.0 Spellcasting
 - Level 7.0 Hexes
 O Level 27 Summonings
 - Level 5.0 Translocations
 - Level 22.0 Air Magic
 - Level 15.0 Invocations
 - Level 15.0 Evocations


You had 10 spell levels left.
You knew the following spells:

 Your Spells              Type           Power      Damage    Failure   Level
a - Cause Fear            Hex            44%        N/A       1%          4
b - Apportation           Tloc           100%       N/A       1%          1
c - Summon Horrible Thin  Summ           72%        N/A       1%          8
d - Dragon's Call         Summ           72%        N/A       1%          9
e - Malign Gateway        Summ/Tloc      60%        N/A       1%          7
f - Swiftness             Air            100%       N/A       0%          3
g - Monstrous Menagerie   Summ           72%        N/A       0%          7
h - Airstrike             Air            67%        2d(10-26) 0%          4
i - Summon Mana Viper     Hex/Summ       100%       N/A       0%          5
j - Maxwell's Capacitive  Air            67%        ∞         1%          8

Your spell library contained the following spells:

 Spells                   Type           Power      Damage    Failure   Level
 Shock                    Conj/Air       100%       1d9       0%          1
 Summon Small Mammal      Summ           100%       N/A       0%          1
 Call Imp                 Summ           100%       N/A       0%          2
 Poisonous Vapours        Pois/Air       100%       N/A       0%          2
 Static Discharge         Conj/Air       100%       3-8/arc   0%          2
 Call Canine Familiar     Summ           100%       N/A       0%          3
 Summon Guardian Golem    Hex/Summ       100%       N/A       0%          3
 Summon Lightning Spire   Summ/Air       100%       N/A       0%          4
 Summon Cactus Giant      Summ           72%        N/A       0%          6
 Summon Hydra             Summ           72%        N/A       0%          7
 Foxfire                  Conj/Fire      100%       2x1d9     1%          1
 Freeze                   Ice            100%       1d10      1%          1
 Kiss of Death            Conj/Necr      100%       2d13      1%          1
 Magic Dart               Conj           100%       1d8       1%          1
 Necrotise                Necr           100%       1d9       1%          1
 Sandblast                Erth           100%       2d20      1%          1
 Slow                     Hex            100%       N/A       1%          1
 Sting                    Tmut/Pois      100%       1d8       1%          1
 Blink                    Tloc           100%       N/A       1%          2
 Cigotuvi's Dreadful Rot  Necr/Pois/Air  100%       N/A       1%          2
 Ensorcelled Hibernation  Hex/Ice        100%       N/A       1%          2
 Jinxbite                 Hex            100%       N/A       1%          2
 Lesser Beckoning         Tloc           100%       N/A       1%          2
 Momentum Strike          Conj/Tloc      100%       3d10      1%          2
 Passwall                 Tmut/Erth      41%        N/A       1%          2
 Scorch                   Fire           100%       2d9       1%          2
 Searing Ray              Conj           100%       2d8       1%          2
 Sublimation of Blood     Necr           50%        N/A       1%          2
 Wereblood                Tmut           50%        N/A       1%          2
 Confusing Touch          Hex            89%        N/A       1%          3
 Dazzling Flash           Conj/Hex       100%       N/A       1%          3
 Frozen Ramparts          Ice            100%       1d16      1%          3
 Gell's Gravitas          Tloc           80%        N/A       1%          3
 Hailstorm                Conj/Ice       50%        3d11      1%          3
 Ignite Poison            Fire/Tmut/Pois 50%        N/A       1%          3
 Inner Flame              Hex/Fire       72%        N/A       1%          3
 Mephitic Cloud           Conj/Pois/Air  90%        N/A       1%          3
 Ozocubu's Armour         Ice            50%        N/A       1%          3
 Sigil of Binding         Hex            89%        N/A       1%          3
 Stone Arrow              Conj/Erth      100%       3d13      1%          3
 Teleport Other           Tloc           80%        N/A       1%          3
 Tukima's Dance           Hex            89%        N/A       1%          3
 Vampiric Draining        Necr           50%        2d9       1%          3
 Volatile Blastmotes      Fire/Tloc      100%       2d18      1%          3
 Anguish                  Hex/Necr       36%        N/A       1%          4
 Animate Armour           Summ/Erth      100%       N/A       1%          4
 Dimensional Bullseye     Hex/Tloc       42%        N/A       1%          4
 Fulminant Prism          Conj/Hex       36%        3d18      1%          4
 Iskenderun's Mystic Bla  Conj/Tloc      66%        2d14      1%          4
 Leda's Liquefaction      Hex/Erth       36%        N/A       1%          4
 Manifold Assault         Tloc           80%        N/A       1%          4
 Passage of Golubria      Tloc           80%        N/A       1%          4
 Summon Ice Beast         Ice/Summ       100%       N/A       1%          4
 Vhi's Electric Charge    Tloc/Air       100%       N/A       1%          4
 Arcjolt                  Conj/Air       52%        1d62      1%          5
 Freezing Cloud           Conj/Ice/Air   45%        6-21      1%          5
 Silence                  Hex/Air        57%        N/A       1%          5
 Summon Forest            Summ/Tloc      60%        N/A       1%          5
 Conjure Ball Lightning   Conj/Air       52%        3x3d18    1%          6
 Plasma Beam              Fire/Air       52%        2x1d67    1%          6
 Haunt                    Necr/Summ      56%        N/A       1%          7
 Spellforged Servitor     Conj/Summ      56%        N/A       1%          7
 Metabolic Englaciation   Hex/Ice        36%        N/A       3%          5
 Yara's Violent Unravell  Hex/Tmut       36%        3d15      3%          5
 Animate Dead             Necr           50%        N/A       4%          4
 Brom's Barrelling Bould  Conj/Erth      50%        2d7       4%          4
 Dispel Undead            Necr           50%        3d19      4%          4
 Flame Wave               Conj/Fire      50%        2d12      4%          4
 Olgreb's Toxic Radiance  Pois           50%        N/A       4%          4
 Petrify                  Tmut/Erth      50%        N/A       4%          4
 Sticky Flame             Conj/Fire      50%        2d7       4%          4
 Dispersal                Tloc           40%        N/A       10%         6
 Agony                    Necr           50%        N/A       14%         5
 Alistair's Intoxication  Tmut/Pois      33%        N/A       14%         5
 Borgnjor's Vile Clutch   Necr/Erth      25%        N/A       14%         5
 Fireball                 Conj/Fire      25%        3d11      14%         5
 Irradiate                Conj/Tmut      25%        3d20      14%         5
 Iskenderun's Battlesphe  Conj           50%        2d10      14%         5
 Lee's Rapid Deconstruct  Erth           25%        3d14*     14%         5
 Enfeeble                 Hex            44%        N/A       24%         7
 Bombard                  Conj/Erth      25%        9d5       58%         6
 Death Channel            Necr           25%        N/A       58%         6
 Eringya's Noxious Bog    Tmut/Pois      25%        4d6       58%         6
 Simulacrum               Ice/Necr       25%        N/A       58%         6
 Starburst                Conj/Fire      25%        6d8       58%         6
 Discord                  Hex            44%        N/A       88%         8
 Orb of Destruction       Conj           25%        9d9       99%         7
 Ozocubu's Refrigeration  Ice            25%        4d13      99%         7
 Disjunction              Tloc           40%        N/A       99%         8
 Chain Lightning          Conj/Air       52%        3d69      99%         9
 Borgnjor's Revivificati  Necr           25%        N/A       100%        8
 Ignition                 Fire           25%        3d8       100%        8
 Infestation              Necr           25%        N/A       100%        8
 Lehudib's Crystal Spear  Conj/Erth      25%        10d7      100%        8
 Death's Door             Necr           25%        N/A       100%        9
 Fire Storm               Conj/Fire      25%        8d6       100%        9
 Shatter                  Erth           25%        3d21*     100%        9


Dungeon Overview and Level Annotations

Branches:
Dungeon (15/15)            Temple (1/1) D:5            Lair (5/5) D:9
  Swamp (4/4) Lair:2        Snake (4/4) Lair:2        Slime (5/5) Lair:4
    Orc (2/2) D:12            Elf (3/3) Orc:2        Vaults (5/5) D:13
  Crypt (0/3) Vaults:3     Depths (4/4) D:15            Zot (5/5) Depths:4
 Bailey (visited)         Gauntlet (visited)

Altars:
Ashenzari
Cheibriados
Dithmenos
Elyvilon
Fedhas
Gozag
Hepliaklqana
Kikubaaqudgha
Makhleb
Nemelex Xobeh
Okawaru
Qazlal
Ru
Sif Muna
Trog
Uskayaw
Vehumet
Wu Jian
Xom
Yredelemnul
Zin
The Shining One
Jiyva

Shops:
D:7 (   D:8 *   D:14 *   Orc:2 =(*[   Elf:3 :   Vaults:2 (   Depths:1 =[=(*

Portals:
Hell: Depths:1 Depths:2 Depths:3 Depths:4
Abyss: Depths:1 Depths:2 Depths:3
Pandemonium: Depths:2
Ziggurat: Depths:4


Innate Abilities, Weirdness & Mutations

You are amphibious.
You cover ground slowly.
You can hop long distances.
You have an extended range of vision and can be seen from far away.
Your body sometimes deteriorates upon taking damage.


Message History

The Orb Guardian is smitten.
The Orb Guardian closely misses your manticore.
Your manticore closely misses the Orb Guardian.
Your manticore claws the Orb Guardian but does no damage. x2
Your sphinx hits the Orb Guardian. Your sphinx misses the Orb Guardian.
Your sphinx barely misses the Orb Guardian.
Unknown command.
Casting: Monstrous Menagerie (safe; 0% risk of failure)
Confirm with . or Enter, or press ? or * to list all spells.
Aiming: Airstrike (safe; 0% risk of failure)
Press: ? - help, Dir - move target, f - Orb Guardian
Aim: an Orb Guardian (heavily wounded, ally target, empty space bonus: 3/8)
The air twists around and strikes the Orb Guardian!!
The Orb Guardian is severely wounded.
The Orb Guardian hits your manticore.
Your sphinx hits the Orb Guardian!
Your sphinx hits the Orb Guardian but does no damage.
Your sphinx hits the Orb Guardian!
Your manticore bites the Orb Guardian!!
The Orb Guardian dies!
Sif Muna accepts your kill.
You swap places.
An Orb Guardian comes into view.
There is a stone staircase leading up here.
Your sphinx closely misses the Orb Guardian.
Your sphinx hits the Orb Guardian but does no damage.
Your sphinx barely misses the Orb Guardian.
You climb upwards.
There is a stone staircase leading down here.
Unknown command.
Unknown command.
You feel yourself speed up.
Aiming: Dig
Press: ? - help, Shift-Dir - straight line This square is covered in magical glow.
The rock shatters into small pieces.
Blink to where?
Press: ? - help, Dir - move target
As you read the scroll of blinking, it crumbles to dust.
Unknown command.
Magic restored.
You have escaped!

..................#.# #.#
#####...........###.# #.#
#.....#####.# #.####.#####
#.#..## ##.###...##.....# #
#.#.#.####.....####.#..#.#
#####.#.##...#######...###.#.####
......#..###...###...###.#.......
........§...........###..###.####
####..###.#####.@.#####..###.##
####..###..##.......##........#
........####...###...#######..#
.####...##...### ###...#####..#
###.....#.#############.#.....#
#........##...........##..###.#
......##.........####..#### #.#
......###.######.####..# #.#
#.....# ### #.......######.#


There were no monsters in sight!

Vanquished Creatures
  the Royal Jelly (Slime:5)
  3 dread liches
  5 orbs of fire (Zot:5)
  An ancient lich (Zot:5)
  Vv (Zot:4)
  3 Killer Klowns (Zot:5)
  A curse toe (Zot:2)
  3 golden dragons
  8 tentacled monstrosities
  2 electric golems (Zot:5)
  2 liches
  Zenata (Elf:2)
  10 Orb Guardians
  A titan (Vaults:5)
  2 Ice Fiends
  5 quicksilver dragons
  2 deep elf master archers (Elf:3)
  A deep elf blademaster (Elf:3)
  2 sphinxes
  4 acid blobs (Slime:5)
  A death cob (Zot:1)
  2 tengu reavers
  4 fenstrider witches
  9 shadow dragons
  8 storm dragons
  8 rockslimes (Slime:5)
  A thorn hunter (Swamp:4)
  2 draconian monks
  A nagaraja (Snake:4)
  2 draconian knights
  A daeva (Depths:4)
  A deep elf sorcerer (Elf:3)
  A vault warden (Vaults:5)
  5 azure jellies (Slime:5)
  2 draconian scorchers
  2 ghost moths
  3 deep elf elementalists (Elf:3)
  A spriggan defender (Depths:2)
  A draconian shifter (Zot:3)
  A draconian annihilator (Zot:3)
  A draconian stormcaller (Zot:2)
  A reaper (D:6)
  2 quicksilver oozes (Slime:5)
  3 formless jellyfish
  2 ironbound preservers (Vaults:3)
  5 stone giants
  3 very ugly things
  2 green draconians
  2 lorocyprocas
  2 black draconians
  5 purple draconians
  4 deep elf annihilators
  5 deep elf demonologists (Elf:3)
  3 yellow draconians
  3 red draconians (Zot:1)
  3 white draconians
  4 dire elephants (Vaults:4)
  A minotaur (Gauntlet)
  A mummy priest (Depths:3)
  3 fire dragons
  3 ettins
  4 deep elf death magi
  A hydra (Swamp:4)
  2 entropy weavers
  A deep elf high priest (Elf:3)
  3 yaktaur captains
  A peacekeeper (Vaults:2)
  A spriggan air mage (Depths:2)
  A vault guard (Vaults:1)
  3 salamander tyrants (Snake:4)
  3 ironbound frosthearts
  5 centaur warriors
  3 anacondas
  19 dancing weapons
  2 two-headed ogres
  A boulder beetle (Lair:5)
  A deep troll earth mage (Depths:1)
  A deep troll shaman (Depths:2)
  3 orc high priests
  5 shock serpents
  A tengu warrior (Depths:3)
  An occultist (Depths:2)
  2 naga warriors
  Nergalle (D:12)
  3 naga sharpshooters (Snake:4)
  12 deep elf knights
  2 sun demons
  A salamander mystic (Snake:4)
  A skyshark (Lair:5)
  3 deep trolls
  3 sixfirhies
  A goliath frog (Swamp:4)
  A sea snake (Snake:4)
  A spriggan druid (Swamp:4)
  A shadow demon (Depths:2)
  A flayed ghost (Vaults:5)
  A glowing orange brain (shapeshifter) (Elf:3)
  2 mana vipers
  2 naga ritualists
  2 glowing orange brains
  4 arcanists
  3 phantasmal warriors
  11 ironbound convokers
  An ugly thing (Depths:1)
  17 deep elf zephyrmancers
  4 deep elf archers
  21 deep elf pyromancers
  2 shining eyes (Slime:1)
  6 orc sorcerers
  2 manticores
  6 salamanders
  An elephant (Lair:5)
  18 moths of wrath
  2 will-o-the-wisps
  A guardian serpent (Snake:4)
  2 naga magi (Snake:4)
  6 slime creatures
  3 nameless horrors
  7 vault sentinels
  9 black mambas
  2 yaktaurs
  3 cane toads
  A kobold demonologist (D:12)
  A hellion (Depths:1)
  A freezing wraith (D:14)
  A tengu conjurer (D:15)
  A komodo dragon (Lair:4)
  3 guardian mummies (Depths:3)
  A meliai (D:14)
  2 polar bears
  A tarantella (Vaults:1)
  A hornet (Swamp:4)
  2 blink frogs
  3 shadows
  4 water elementals
  A fire elemental (Elf:3)
  5 yaks
  10 golden eyes (Slime:5)
  2 neqoxecs
  A wyvern (Lair:4)
  A basilisk (Lair:5)
  A chaos spawn (Swamp:4)
  A redback (Vaults:1)
  A steam dragon (Lair:3)
  5 swamp worms
  9 nagas
  3 water moccasins
  A hell hound (Snake:4)
  An acid dragon (D:11)
  A black bear (D:9)
  9 orc warriors
  An ogre (Orc:2)
  2 boggarts (Vaults:1)
  A wolf (D:8)
  2 kobold brigands (D:9)
  8 bullfrogs
  2 killer bees (D:8)
  An electric eel (Lair:2)
  A jelly (Lair:4)
  3 orc priests
  A hound (D:6)
  A water moccasin simulacrum (D:5)
  4 orc wizards
  13 orcs
  A hobgoblin (Bailey)
  6 kobolds
526 creatures vanquished.

Vanquished Creatures (collateral kills)
  A dread lich (Zot:5)
  3 orbs of fire
  An ancient lich (Zot:5)
  A royal mummy (Depths:3)
  A curse toe (Zot:5)
  10 golden dragons
  Nikola (Elf:2)
  The ghost of Phlounder the Sorcerer, a veteran DjIE of Gozag (Vaults:3)
  A bone dragon (Depths:4)
  3 liches
  Jorgrun (Elf:2)
  18 Orb Guardians
  8 tentacled monstrosities
  2 titans (Vaults:5)
  Mlioglotl (Swamp:3)
  A deep elf blademaster (Elf:3)
  4 quicksilver dragons (Zot:2)
  4 death cobs
  11 acid blobs
  10 sphinxes
  An eldritch tentacle (Zot:5)
  Gastronok (D:8)
  Frances (Swamp:2)
  A thorn hunter (Swamp:3)
  8 shadow dragons
  4 azure jellies (Slime:5)
  3 draconian monks
  6 tengu reavers (Vaults:5)
  Aizul (Snake:4)
  2 draconian knights (Zot:2)
  A deep elf sorcerer (Elf:2)
  5 fenstrider witches
  6 rockslimes (Slime:5)
  7 storm dragons
  23 vault wardens
  3 fire giants
  5 nagarajas
  Louise (Snake:2)
  3 iron dragons
  3 frost giants
  A balrug (Depths:1)
  5 draconian scorchers
  2 deep elf elementalists (Elf:3)
  2 draconian shifters
  2 draconian stormcallers
  3 orc warlords
  A cacodemon (Depths:1)
  A ghoul (Swamp:4)
  2 reapers
  A spriggan defender (Depths:2)
  4 quicksilver oozes
  4 draconian annihilators
  23 very ugly things
  10 ironbound preservers
  2 ironbound thunderhulks
  8 stone giants
  3 eleionomae
  7 green draconians
  4 vampire knights (Depths:4)
  2 deep elf annihilators (Vaults:5)
  3 black draconians
  15 red draconians
  5 white draconians
  6 spark wasps
  7 yellow draconians
  3 dire elephants
  2 bunyips
  6 purple draconians
  10 ettins
  An entropy weaver (Vaults:1)
  4 deep elf death magi
  4 fire dragons
  2 blizzard demons
  2 crystal guardians (Vaults:2)
  2 mummy priests (Depths:3)
  3 deep elf high priests
  2 shambling mangroves
  9 yaktaur captains
  7 ice dragons
  A salamander tyrant (Snake:4)
  6 great orbs of eyes
  Harold (Orc:1)
  8 hydras
  2 catoblepae
  38 vault guards
  9 alligators
  Erica (Lair:2)
  5 ironbound frosthearts
  4 spriggan air magi
  7 anacondas
  5 ogre magi
  A two-headed ogre (D:13)
  11 centaur warriors
  5 tengu warriors
  A boulder beetle (D:13)
  5 deep troll shamans
  6 death yaks (Lair:5)
  7 dancing weapons
  2 occultists (Swamp:4)
  13 deep troll earth magi
  4 orc high priests
  Urug (D:13)
  A soul eater (Depths:1)
  13 naga warriors
  5 shock serpents
  A death knight (D:13)
  6 spriggan berserkers
  8 deep elf knights
  A nameless horror (Snake:4)
  A shock serpent (shapeshifter) (Vaults:5)
  4 naga sharpshooters
  5 hell knights
  2 sun demons
  Lodul (D:13)
  Amaemon (Lair:1)
  6 iron trolls
  3 skeletal warriors (D:14)
  4 goliath frogs
  3 sixfirhies (Depths:1)
  2 salamander mystics
  A spriggan druid (Swamp:4)
  52 deep trolls
  8 naga ritualists
  A death drake (Swamp:4)
  14 sea snakes
  A glowing orange brain (Depths:4)
  7 swamp dragons
  8 deep elf archers
  7 lindwurms
  5 arcanists
  3 bog bodies
  6 phantasmal warriors
  A harpy (Vaults:1)
  13 deep elf pyromancers
  An obsidian statue (Depths:1)
  A harpy (shapeshifter) (D:14)
  10 ironbound convokers
  9 orc knights
  2 necromancers
  10 mana vipers
  17 deep elf zephyrmancers
  2 will-o-the-wisps
  3 cyclopes
  5 orc sorcerers
  60 ugly things
  11 moths of wrath
  3 manticores
  20 salamanders
  16 naga magi
  Maurice (D:8)
  17 elephants
  25 black mambas
  An elephant (shapeshifter) (Vaults:5)
  2 rust devils
  A smoke demon (Zot:3)
  An eye of devastation (shapeshifter) (Vaults:5)
  2 human zombies (Vaults:3)
  6 guardian serpents
  7 orange demons
  9 cane toads
  20 vault sentinels
  A large abomination (Depths:4)
  A minotaur zombie (Gauntlet)
  Maggie (D:6)
  16 komodo dragons
  3 rime drakes
  A hellion (Zot:1)
  Jeremiah (D:8)
  2 guardian mummies (Depths:3)
  A freezing wraith (D:13)
  23 yaktaurs
  3 tengu conjurers
  An ice devil (Depths:1)
  An efreet (D:15)
  4 red devils
  5 trolls
  2 meliai (D:14)
  11 hornets
  Prince Ribbit (D:7)
  9 tyrant leeches
  3 hellwings
  3 polar bears
  8 blink frogs
  2 human simulacra (Vaults:3)
  78 slime creatures
  A jumping spider (shapeshifter) (Vaults:5)
  Sigmund (D:4)
  2 air elementals
  8 spriggans
  4 shadows
  2 wraiths
  45 yaks
  4 water elementals
  4 wyverns
  3 ynoxinuls
  4 fire elementals
  A spriggan (shapeshifter) (Elf:1)
  The ghost of boiyoioing the Slasher, an amateur GnCA of Ignis (D:5)
  Grum (D:8)
  5 basilisks
  4 golden eyes (Slime:5)
  16 humans (D:13)
  A basilisk (shapeshifter) (D:15)
  2 neqoxecs (Swamp:4)
  2 chaos spawn (Swamp:4)
  6 vampire mosquitoes
  37 nagas
  2 wargs
  15 swamp worms
  12 water moccasins
  An acid dragon (D:9)
  4 hell hounds
  3 swamp drakes (Swamp:2)
  An ice beast (shapeshifter) (D:14)
  26 orc warriors
  3 ogres (Orc:2)
  A black bear (D:9)
  2 sky beasts
  10 wolves
  A phantom (D:4)
  5 kobold brigands
  5 bullfrogs
  2 earth elementals
  2 gnoll sergeants
  2 scorpions (D:6)
  A wight (D:7)
  A killer bee (D:8)
  7 howler monkeys
  3 quasits (D:9)
  8 hounds
  11 jellies
  9 orc priests
  A water moccasin simulacrum (D:5)
  A gnoll bouda (D:2)
  2 sleepcaps (D:5)
  Terence (D:3)
  Crazy Yiuf (D:2)
  Jessica (D:2)
  11 orc wizards
  6 iguanas
  A bullfrog simulacrum (D:5)
  Robin (D:2)
  11 adders
  15 gnolls
  A hound simulacrum (D:5)
  2 shadow imps
  4 white imps
  4 ufetubi (D:6)
  2 dart slugs
  41 orcs
  8 endoplasms
  7 giant cockroaches
  15 hobgoblins
  2 jackals (D:2)
  21 kobolds
  2 quokkas
  3 ball pythons
  2 bats
  4 frilled lizards
  15 goblins
  2 rats (D:1)
  A spectral weapon (Zot:5)
1607 creatures vanquished.

Vanquished Creatures (others)
  16 eldritch tentacles
  An ironbound preserver (Vaults:1)
  A reaper (Gauntlet)
  2 centaur warriors (Vaults:1)
  2 two-headed ogres
  4 death yaks (Lair:5)
  An ugly thing (D:14)
  A moth of wrath (Zot:2)
  A manticore (D:12)
  2 elephants (Lair:5)
  A black mamba (Snake:3)
  A rime drake (Lair:2)
  A komodo dragon (Lair:3)
  A troll (Orc:2)
  7 yaks
  A fire elemental (Elf:2)
  A steam dragon (D:6)
  A redback (Lair:4)
  2 nagas (Snake:2)
  2 orc warriors
  A centaur (D:9)
  2 wolves (Lair:5)
  A kobold brigand (D:8)
  2 wights (D:7)
  2 howler monkeys (D:9)
  A quasit (D:9)
  A jelly (D:7)
  2 goblins (D:8)
  12 foxfires
73 creatures vanquished.

Grand Total: 2206 creatures vanquished

Notes
Turn   | Place    | Note
-------+----------+-------------------------------------------
     0 | D:1      | Hi5aMiFi the Barachi Summoner began the quest for the Orb.
     0 | D:1      | Reached XP level 1. HP: 13/13 MP: 3/3
   198 | D:1      | Reached skill level 5 in Summonings
   348 | D:1      | Reached XP level 2. HP: 19/19 MP: 1/5
   456 | D:1      | Learned a level 2 spell: Call Imp
  1458 | D:2      | Reached XP level 3. HP: 24/24 MP: 1/7
  1657 | D:2      | Found a runed translucent door.
  1658 | D:2      | Noticed Crazy Yiuf
  1689 | D:2      | Learned a level 3 spell: Call Canine Familiar
  2056 | D:2      | Noticed Jessica
  2066 | D:2      | Killed Jessica
  2067 | D:2      | Reached skill level 6 in Summonings
  2067 | D:2      | Reached XP level 4. HP: 30/30 MP: 2/8
  2315 | D:2      | Noticed Robin
  2323 | D:2      | Killed Robin
  2501 | D:2      | Learned a level 3 spell: Summon Guardian Golem
  2633 | D:2      | Reached skill level 1 in Hexes
  2633 | D:2      | Reached XP level 5. HP: 35/35 MP: 2/10
  3758 | D:3      | Noticed Terence
  3794 | D:3      | Killed Terence
  3795 | D:3      | Reached XP level 6. HP: 41/41 MP: 2/11
  4742 | D:4      | Noticed Sigmund
  4763 | D:4      | Killed Sigmund
  4764 | D:4      | Reached skill level 7 in Summonings
  4764 | D:4      | Reached XP level 7. HP: 46/46 MP: 1/14
  4877 | D:4      | Learned a level 4 spell: Summon Lightning Spire
  5084 | D:4      | Found a stormy altar of Qazlal.
  5122 | D:4      | Reached skill level 5 in Spellcasting
  5122 | D:4      | Reached skill level 1 in Air Magic
  5272 | D:5      | Entered Level 5 of the Dungeon
  5891 | D:5      | Found a runed translucent gate.
  5891 | D:5      | Found a runed translucent gate.
  5891 | D:5      | Found a runed translucent gate.
  6009 | D:5      | Found a staircase to the Ecumenical Temple.
  6100 | Temple   | Entered the Ecumenical Temple
  6115 | Temple   | Became a worshipper of Sif Muna the Loreminder
  6206 | D:5      | Noticed a two-headed ogre
  6248 | D:5      | Killed a two-headed ogre
  6249 | D:5      | Reached skill level 5 in Hexes
  6249 | D:5      | Reached skill level 8 in Summonings
  6249 | D:5      | Reached skill level 5 in Air Magic
  6249 | D:5      | Reached XP level 8. HP: 15/52 MP: 0/15
  6526 | D:5      | Noticed boiyoioing's ghost (amateur GnCA)
  6920 | D:6      | Found an iron altar of Okawaru.
  6920 | D:6      | Found an opulent altar of Gozag.
  6920 | D:6      | Found a white marble altar of Elyvilon.
  7018 | D:6      | Reached skill level 9 in Summonings
  7018 | D:6      | Reached XP level 9. HP: 29/57 MP: 0/16
  7130 | D:6      | Noticed Maggie
  7193 | D:6      | Found a stormy altar of Qazlal.
  7196 | D:6      | Found a burning altar of Makhleb.
  7197 | D:6      | Found a hazy altar of Hepliaklqana.
  7216 | D:6      | Learned a level 3 spell: Swiftness
  7357 | D:7      | Noticed Prince Ribbit
  7370 | D:7      | Killed Prince Ribbit
  7371 | D:7      | Reached skill level 10 in Summonings
  7506 | D:7      | Reached skill level 1 in Fighting
  7807 | D:7      | Reached * piety under Sif Muna
  8014 | D:7      | Found Ykorat's Antique Weapon Shoppe.
  8445 | D:7      | Reached skill level 1 in Invocations
  8445 | D:7      | Reached skill level 1 in Evocations
  8588 | D:8      | Noticed a two-headed ogre
  8688 | D:8      | Noticed Maurice
  8698 | D:8      | Noticed Grum
  8706 | D:8      | Killed Maurice
  8707 | D:8      | Reached XP level 10. HP: 73/73 MP: 1/17
  8707 | D:8      | Killed Grum
  8708 | D:8      | Reached skill level 5 in Fighting
  8762 | D:8      | Found a flagged portal.
  8762 | D:8      | Noticed Jeremiah
  8773 | D:8      | Killed Jeremiah
  8804 | Bailey   | Entered a bailey
  8851 | Bailey   | Noticed an orc warlord
  8984 | Bailey   | Reached skill level 1 in Polearms
  9009 | Bailey   | Found a runed translucent gate.
  9011 | Bailey   | Found a runed translucent gate.
  9013 | Bailey   | Found a runed translucent gate.
  9061 | Bailey   | Reached ** piety under Sif Muna
  9130 | Bailey   | Killed an orc warlord
  9131 | Bailey   | Reached skill level 11 in Summonings
  9131 | Bailey   | Reached skill level 5 in Invocations
  9161 | Bailey   | Identified the +5 war axe "Reptunn" {flame, rElec rN+
                  | rCorr}
  9186 | D:8      | Found Soschyon's Overcharged Wands.
  9253 | D:8      | Killed a two-headed ogre
  9454 | D:8      | Reached skill level 10 in Invocations
  9454 | D:8      | Reached XP level 11. HP: 79/79 MP: 17/19
  9736 | D:8      | Noticed Gastronok
  9754 | D:8      | Killed Gastronok
  9755 | D:8      | Reached XP level 12. HP: 86/86 MP: 8/20
 10436 | D:9      | Found a staircase to the Lair.
 10450 | D:9      | Reached skill level 1 in Shields
 10935 | D:9      | Reached skill level 5 in Polearms
 10985 | D:9      | Reached *** piety under Sif Muna
 11726 | D:10     | Entered Level 10 of the Dungeon
 12490 | D:10     | Reached **** piety under Sif Muna
 12670 | D:10     | Noticed a two-headed ogre
 12684 | D:10     | Killed a two-headed ogre
 13158 | Lair:1   | Entered Level 1 of the Lair of Beasts
 13413 | Lair:1   | Reached skill level 5 in Shields
 13526 | Lair:1   | Gained mutation: You can hop long distances. [Barachi
                  | growth]
 13526 | Lair:1   | Reached XP level 13. HP: 95/95 MP: 20/21
 14106 | Lair:1   | Noticed Amaemon
 14117 | Lair:1   | Killed Amaemon
 14786 | Lair:2   | Noticed Erica
 14786 | Lair:2   | Killed Erica
 14956 | Lair:2   | Reached ***** piety under Sif Muna
 14963 | Lair:2   | Found a staircase to the Snake Pit.
 15140 | Lair:2   | Learned a level 7 spell: Monstrous Menagerie
 15252 | Lair:2   | Identified the "Wodemaje" (Sif Muna gifted it to you on
                  | level 2 of the Lair of Beasts)
 15252 | Lair:2   | Received a gift from Sif Muna
 15388 | Lair:2   | Reached skill level 10 in Polearms
 15492 | Lair:2   | Identified the +7 whip of Yredelemnul's Approval {flame,
                  | Will+}
 15512 | Lair:2   | Reached skill level 12 in Summonings
 15571 | Lair:2   | Found a staircase to the Swamp.
 16119 | Lair:3   | Found a hazy altar of Hepliaklqana.
 16410 | Lair:3   | Learned a level 4 spell: Airstrike
 16479 | Lair:3   | Reached XP level 14. HP: 58/103 MP: 15/26
 16671 | Lair:3   | Reached skill level 13 in Summonings
 17111 | Lair:4   | Noticed Nessos
 17112 | Lair:4   | Nessos changed into Nessos the redback
 17112 | Lair:4   | Noticed Nessos
 17114 | Lair:4   | Killed Nessos the redback
 17355 | Lair:4   | Found a staircase to the Slime Pits.
 18391 | Lair:5   | Entered Level 5 of the Lair of Beasts
 18673 | Lair:5   | Reached skill level 14 in Summonings
 19663 | Lair:5   | Reached skill level 15 in Summonings
 19673 | Lair:4   | Learned a level 5 spell: Summon Mana Viper
 20677 | Lair:5   | Identified the of Tucasiwn (Sif Muna gifted it to you on
                  | level 5 of the Lair of Beasts)
 20677 | Lair:5   | Received a gift from Sif Muna
 20716 | Lair:5   | Reached skill level 10 in Spellcasting
 20716 | Lair:5   | Reached XP level 15. HP: 108/108 MP: 26/29
 21635 | D:11     | Reached skill level 16 in Summonings
 21832 | D:12     | Found a gate leading to a gauntlet.
 21864 | Gauntlet | Entered a Gauntlet
 21864 | Gauntlet | Found a transporter.
 21872 | Gauntlet | Found a transporter.
 21873 | Gauntlet | Found a transporter.
 21874 | Gauntlet | Found a transporter.
 21877 | Gauntlet | Found a transporter.
 21878 | Gauntlet | Found a transporter.
 21890 | Gauntlet | Found a transporter.
 21890 | Gauntlet | Found a transporter.
 21905 | Gauntlet | Found a transporter.
 21910 | Gauntlet | Found a transporter.
 21914 | Gauntlet | Found a transporter.
 21929 | Gauntlet | Found a transporter.
 22118 | Gauntlet | Identified the +2 pair of boots "Peudaph" {rElec Regen+
                  | Str+3 Int-5}
 22332 | Gauntlet | Identified the -1 pair of boots of Pomes {Str+3 Dex+2}
 22518 | D:12     | Identified the +1 chain mail "Xorij" {rCorr}
 22730 | D:12     | Noticed Nergalle
 22742 | D:12     | Killed Nergalle
 22793 | D:12     | Found a staircase to the Orcish Mines.
 23660 | D:6      | Found a hide-covered altar of Uskayaw.
 23662 | D:6      | Found an ornate altar of the Wu Jian Council.
 23663 | D:6      | Found a sparkling altar of Nemelex Xobeh.
 23678 | D:6      | Killed Maggie
 23969 | D:5      | Received a gift from Sif Muna
 23989 | D:5      | Killed boiyoioing's ghost
 24110 | D:2      | Killed Crazy Yiuf
 24259 | D:13     | Noticed Urug
 24259 | D:13     | Noticed Lodul
 24259 | D:13     | Found a gate to the Vaults.
 24316 | D:13     | Reached skill level 1 in Armour
 24316 | D:13     | Reached skill level 17 in Summonings
 24347 | D:13     | Killed Urug
 24806 | D:13     | Killed Lodul
 25633 | D:13     | Identified the ring "Ycoiq" {rN+ Int+4}
 25758 | D:12     | Learned a level 3 spell: Tukima's Dance
 25816 | D:13     | Learned a level 4 spell: Cause Fear
 26017 | Orc:1    | Entered Level 1 of the Orcish Mines
 26308 | Orc:2    | Entered Level 2 of the Orcish Mines
 26355 | Orc:2    | Noticed an orc warlord
 26359 | Orc:2    | Reached skill level 5 in Armour
 26375 | Orc:2    | Killed an orc warlord
 26480 | Orc:2    | Found Hiqasu's Antique Weapon Shoppe.
 26619 | Orc:2    | Found Gelaamaq's General Store.
 26641 | Orc:2    | Identified the "Xoliufie" (Sif Muna gifted it to you on
                  | level 2 of the Orcish Mines)
 26641 | Orc:2    | Received a gift from Sif Muna
 26762 | Orc:2    | Reached skill level 18 in Summonings
 26919 | Orc:2    | Reached XP level 16. HP: 115/115 MP: 26/31
 26975 | Orc:2    | Bought a scroll of blinking for 127 gold pieces
 26975 | Orc:2    | Bought a potion of berserk rage for 85 gold pieces
 26975 | Orc:2    | Bought a scroll of fear for 68 gold pieces
 26975 | Orc:2    | Bought a scroll of identify for 34 gold pieces
 26995 | Orc:2    | Found Aceogir's Antique Armour Shoppe.
 27012 | Orc:2    | Bought a glowing leather armour for 170 gold pieces
 27026 | Orc:2    | Found Voir Oxap's Jewellery Boutique.
 27127 | Orc:2    | Found a staircase to the Elven Halls.
 27145 | Orc:1    | Noticed Harold
 27160 | Orc:1    | Killed Harold
 27748 | Orc:2    | Bought the ring of Eziufuem {Will+ Int+6 Dex+4} for 848
                  | gold pieces
 27749 | Orc:2    | Bought the ring of Myimag {Drain rF+ rC+ Will+} for 624
                  | gold pieces
 28767 | D:14     | Found a large runed translucent door.
 28768 | D:14     | Found a large runed translucent door.
 28779 | D:14     | Found a transporter.
 28779 | D:14     | Found Memeac's Assorted Antiques.
 28782 | D:14     | Found a transporter.
 29030 | D:14     | Paralysed by an air elemental for 1 turns
 29091 | D:14     | Bought a potion of heal wounds for 170 gold pieces
 29091 | D:14     | Bought a pair of boots for 153 gold pieces
 29091 | D:14     | Bought a scroll of butterflies for 136 gold pieces
 29310 | Snake:1  | Entered Level 1 of the Snake Pit
 30162 | Snake:1  | Reached skill level 19 in Summonings
 30933 | Snake:2  | Noticed a nagaraja
 30938 | Snake:2  | Killed a nagaraja
 30938 | Snake:2  | Received a gift from Sif Muna
 31113 | Snake:2  | Noticed a nagaraja
 31117 | Snake:2  | Killed a nagaraja
 31339 | Snake:2  | Reached skill level 5 in Dodging
 31471 | Snake:2  | Noticed Louise
 31485 | Snake:2  | Killed Louise
 31861 | D:13     | Learned a level 8 spell: Summon Horrible Things
 32115 | Snake:3  | Reached XP level 17. HP: 120/120 MP: 34/34
 32849 | Snake:3  | Reached skill level 20 in Summonings
 32852 | Snake:3  | Identified the "Saedocef" (Sif Muna gifted it to you on
                  | level 3 of the Snake Pit)
 32852 | Snake:3  | Received a gift from Sif Muna
 33638 | Snake:4  | Entered Level 4 of the Snake Pit
 34716 | Snake:4  | Identified the serpent talisman of Spite {rN+}
 34716 | Snake:4  | Noticed Aizul
 34723 | Snake:4  | Killed Aizul
 35029 | Snake:4  | Reached skill level 10 in Dodging
 35130 | Snake:4  | Reached skill level 21 in Summonings
 35474 | Snake:4  | Reached XP level 18. HP: 127/127 MP: 36/36
 35956 | Snake:4  | Received a gift from Sif Muna
 36026 | Snake:4  | Learned a level 1 spell: Apportation
 36536 | Snake:4  | Reached skill level 22 in Summonings
 36546 | Snake:4  | Got a serpentine rune of Zot
 37346 | Swamp:1  | Entered Level 1 of the Swamp
 37616 | Swamp:1  | Found a basalt altar of Yredelemnul.
 38047 | Swamp:2  | Noticed Frances
 38055 | Swamp:2  | Killed Frances
 38173 | Swamp:2  | Found a shimmering altar of Xom.
 38183 | Swamp:2  | Identified the of Rofrehemmi (Sif Muna gifted it to you on
                  | level 2 of the Swamp)
 38183 | Swamp:2  | Received a gift from Sif Muna
 38280 | Swamp:2  | Reached skill level 5 in Evocations
 38281 | Swamp:2  | Reached skill level 15 in Spellcasting
 38690 | Swamp:3  | Noticed Mlioglotl
 38696 | Swamp:3  | Killed Mlioglotl
 38875 | Swamp:3  | Reached skill level 23 in Summonings
 39167 | Swamp:4  | Entered Level 4 of the Swamp
 39525 | Swamp:4  | Identified the +0 leather armour "Focatis" {rElec Regen+
                  | Int+3}
 39622 | Swamp:4  | Reached XP level 19. HP: 132/132 MP: 38/38
 39976 | Swamp:4  | Reached ****** piety under Sif Muna
 40420 | Swamp:4  | Identified the of Geith (Sif Muna gifted it to you on
                  | level 4 of the Swamp)
 40420 | Swamp:4  | Received a gift from Sif Muna
 40562 | Swamp:4  | Got a decaying rune of Zot
 40902 | D:15     | Entered Level 15 of the Dungeon
 41172 | D:15     | Identified the +10 hand axe of Dividends {drain, rF+ Will+
                  | Int+4}
 41931 | D:15     | Found a staircase to the Depths.
 42013 | Vaults:1 | Entered Level 1 of the Vaults
 42394 | Vaults:1 | Reached skill level 10 in Air Magic
 42475 | Vaults:1 | Reached skill level 10 in Evocations
 43319 | Vaults:1 | Received a gift from Sif Muna
 43377 | Vaults:1 | Reached skill level 10 in Fighting
 43484 | Vaults:1 | Reached XP level 20. HP: 121/147 MP: 29/39
 44261 | Vaults:2 | Identified the +12 orcbow "Iceplyr" {antimagic, rN++}
 44627 | Vaults:2 | Identified the "Irecsau" (Sif Muna gifted it to you on
                  | level 2 of the Vaults)
 44627 | Vaults:2 | Received a gift from Sif Muna
 44865 | Vaults:2 | Found Seffes's Weapon Boutique.
 45055 | Vaults:2 | You fall into a shaft and drop 2 floors!
 45377 | Vaults:4 | Reached skill level 15 in Air Magic
 46841 | Vaults:3 | Reached XP level 21. HP: 154/154 MP: 40/40
 47243 | Vaults:3 | Found a staircase to the Crypt.
 47243 | Vaults:3 | Found an ancient bone altar of Kikubaaqudgha.
 47243 | Vaults:3 | Found a basalt altar of Yredelemnul.
 47368 | Vaults:3 | Found a runed translucent gate.
 47368 | Vaults:3 | Found a runed translucent gate.
 47368 | Vaults:3 | Found a runed translucent gate.
 47368 | Vaults:3 | Noticed Phlounder's ghost (veteran DjIE)
 47371 | Vaults:3 | Identified the +14 plate armour "Akhlimoxt" {Will++ MP-9
                  | Int+5}
 47409 | Vaults:3 | Killed Phlounder's ghost
 47443 | Vaults:3 | Identified the +1 pair of gloves of Twilight {rF+ rC+
                  | Int+2}
 47458 | Vaults:3 | Identified the amulet of Minabiy {Faith +Blink Dex+3}
 47654 | Vaults:3 | Identified the "Etuikh" (Sif Muna gifted it to you on
                  | level 3 of the Vaults)
 47654 | Vaults:3 | Identified the "Dino Par" (Sif Muna gifted it to you on
                  | level 3 of the Vaults)
 47654 | Vaults:3 | Received a gift from Sif Muna
 48549 | Vaults:4 | Learned a level 8 spell: Maxwell's Capacitive Coupling
 49126 | Vaults:5 | Identified the "Yduistra"
 49126 | Vaults:5 | Identified the of Suinwego
 49126 | Elf:1    | Identified the of Rismim
 49126 | Elf:1    | Identified the of Zegaan
 49126 | Elf:1    | Entered Level 1 of the Elven Halls
 49280 | Elf:1    | Paralysed by an air elemental for 1 turns
 50022 | Elf:1    | Identified the "Qeug" (Sif Muna gifted it to you on level
                  | 1 of the Elven Halls)
 50022 | Elf:1    | Received a gift from Sif Muna
 50920 | Elf:2    | Found a runed translucent gate.
 50922 | Elf:2    | Found a runed translucent gate.
 50922 | Elf:2    | Found a runed translucent gate.
 50975 | Elf:2    | Noticed Zenata
 50984 | Elf:2    | Noticed Jorgrun
 50994 | Elf:2    | Killed Jorgrun
 51003 | Elf:2    | Reached XP level 22. HP: 128/161 MP: 13/41
 51105 | Elf:2    | Noticed Nikola
 51139 | Elf:2    | Killed Nikola
 51168 | Elf:2    | Killed Zenata
 51544 | Elf:3    | Identified the "Eress"
 51544 | Elf:3    | Identified the "Tidghola"
 51544 | Elf:3    | Entered Level 3 of the Elven Halls
 51952 | Elf:3    | Received a gift from Sif Muna
 52115 | Elf:3    | Found Kegre's Book Shoppe.
 52118 | Elf:3    | Bought a manual of Summonings for 1120 gold pieces
 53073 | Elf:3    | Reached skill level 24 in Summonings
 53612 | Elf:3    | Identified the ring of Citutatotej {rN+ rCorr Slay+4}
 54200 | Slime:1  | Entered Level 1 of the Pits of Slime
 54203 | Slime:1  | Gained mutation: Your body sometimes deteriorates upon
                  | taking damage. [a shining eye]
 54216 | Slime:1  | Identified the of Bum Yxewk (Sif Muna gifted it to you on
                  | level 1 of the Pits of Slime)
 54216 | Slime:1  | Received a gift from Sif Muna
 54321 | Slime:2  | Found a viscous altar of Jiyva.
 54358 | Slime:2  | Reached skill level 25 in Summonings
 54438 | Slime:5  | Identified the "Zaghod"
 54438 | Slime:5  | Entered Level 5 of the Pits of Slime
 54782 | Slime:5  | Noticed the Royal Jelly
 54787 | Slime:5  | Killed the Royal Jelly
 54788 | Slime:5  | Reached skill level 26 in Summonings
 54916 | Slime:5  | Got a slimy rune of Zot
 54994 | Slime:5  | Identified the "Gyraucw" (Sif Muna gifted it to you on
                  | level 5 of the Pits of Slime)
 54994 | Slime:5  | Received a gift from Sif Muna
 55097 | Slime:4  | Reached XP level 23. HP: 159/167 MP: 27/42
 55701 | Slime:5  | Identified the amulet "Veibotar" {Faith Dex+2}
 55727 | Slime:5  | Identified the ring of False Hope {rElec rN+ rCorr Stlth+}
 55760 | Slime:5  | Identified the +2 pair of gloves of the Turtledove {rElec
                  | rPois}
 55848 | Slime:5  | Identified the +4 arbalest of Tadghiuva {speed, Int+3}
 56204 | Lair:4   | Learned a level 9 spell: Dragon's Call
 56414 | Depths:1 | Entered Level 1 of the Depths
 56516 | Depths:1 | Identified the +3 quarterstaff "Ceviur" {flame, rN+ Str+2
                  | SInv Stlth+}
 56608 | Depths:1 | Found Mubor's Antique Weapon Emporium.
 56646 | Depths:1 | Found Dab Wuach's Jewellery Shoppe.
 56679 | Depths:1 | Found Asawic's Antique Armour Emporium.
 56686 | Depths:1 | Bought a pair of glowing gloves for 142 gold pieces
 56686 | Depths:1 | Bought a fading robe for 108 gold pieces
 56686 | Depths:1 | Identified the +0 robe of Resonance {+Inv rN++ Int+3
                  | Stlth-} (You bought it in a shop on level 1 of the Depths)
 56791 | Depths:1 | Found Udop Asa's Serpentskin Sales.
 56934 | Depths:1 | Reached skill level 27 in Summonings
 57053 | Depths:1 | Found a gateway to Hell.
 57224 | Depths:1 | Found Asobufao's Jewellery Boutique.
 57270 | Depths:1 | Identified the "Detoxeb" (Sif Muna gifted it to you on
                  | level 1 of the Depths)
 57270 | Depths:1 | Received a gift from Sif Muna
 57811 | Depths:1 | Found a one-way gate to the infinite horrors of the Abyss.
 57815 | Depths:1 | You fall into a shaft and drop 1 floor!
 58062 | Depths:1 | Bought the ring "Oppocrev" {Contam rPois Will+++ Str+6
                  | Int+7} for 1601 gold pieces
 58185 | Depths:2 | Reached skill level 1 in Translocations
 58386 | Depths:2 | Found a one-way gate leading to the halls of Pandemonium.
 58699 | Depths:2 | Identified the ring "Keamysu" {Ice rPois Str+6 Int+3 Dex-4}
 58798 | Depths:2 | Identified the amulet "Mij Jith" {Acrobat Str-4 Dex+2
                  | Stlth+}
 58930 | Depths:2 | Identified the ring "Uzxigodwea" {Fire MP-9 Int+3 Dex+2}
 58965 | Depths:2 | Identified the ring "Wuco" {rC+ Will+++ Int-3 Dex+9 Slay-6}
 59231 | Depths:3 | Identified the "Niotyo" (Sif Muna gifted it to you on
                  | level 3 of the Depths)
 59231 | Depths:3 | Identified the "Kolin" (Sif Muna gifted it to you on level
                  | 3 of the Depths)
 59231 | Depths:3 | Received a gift from Sif Muna
 59399 | Depths:3 | Learned a level 7 spell: Malign Gateway
 59425 | Depths:3 | Reached skill level 5 in Translocations
 59678 | Depths:3 | Found a white marble altar of Elyvilon.
 59679 | Depths:3 | Found a glowing golden altar of the Shining One.
 59680 | Depths:3 | Found a glowing silver altar of Zin.
 59694 | Depths:3 | Reached XP level 24. HP: 182/182 MP: 42/44
 60521 | Depths:3 | Noticed a royal mummy
 60528 | Depths:3 | Killed a royal mummy
 60711 | Depths:4 | Entered Level 4 of the Depths
 61146 | Depths:4 | Reached skill level 15 in Fighting
 61257 | Depths:4 | Found a bloodstained altar of Trog.
 61352 | Depths:4 | Identified the "Bisec" (Sif Muna gifted it to you on level
                  | 4 of the Depths)
 61352 | Depths:4 | Received a gift from Sif Muna
 61504 | Depths:4 | Found a gate to the Realm of Zot.
 61661 | Depths:4 | Found a one-way gateway to a ziggurat.
 62206 | Vaults:5 | Entered Level 5 of the Vaults
 62207 | Vaults:5 | Found the +5 Lochaber axe {reach-cleave, Poleaxe Drain}
 62313 | Vaults:5 | Noticed a dread lich
 62316 | Vaults:5 | Killed a dread lich
 62402 | Vaults:5 | Reached skill level 15 in Dodging
 62492 | Vaults:5 | Reached XP level 25. HP: 194/194 MP: 39/45
 62495 | Vaults:5 | Received a gift from Sif Muna
 62602 | Vaults:5 | Identified the +8 shortbow of the Queen {heavy, Int+3}
 62769 | Vaults:5 | Identified the ring of Peskeotwuo {rPois rF++ rC- Will+
                  | Slay+3}
 62915 | Vaults:5 | Noticed a dread lich
 62919 | Vaults:5 | Killed a dread lich
 62923 | Vaults:5 | Identified the ring "Ytaengia" {rF- Will+ Str+3 SInv}
 62960 | Vaults:5 | Reached skill level 10 in Shields
 63040 | Vaults:5 | Identified the +9 long sword "Qoengipi" {flame, rF- Str+4}
 63206 | Vaults:5 | Identified the "Rinabbim" (Sif Muna gifted it to you on
                  | level 5 of the Vaults)
 63206 | Vaults:5 | Identified the "Terry" (Sif Muna gifted it to you on level
                  | 5 of the Vaults)
 63206 | Vaults:5 | Identified the of Ino Apnati (Sif Muna gifted it to you on
                  | level 5 of the Vaults)
 63206 | Vaults:5 | Identified the "Nuqaf" (Sif Muna gifted it to you on level
                  | 5 of the Vaults)
 63206 | Vaults:5 | Received a gift from Sif Muna
 63530 | Vaults:5 | Identified the +0 lajatang of Evvaocu {drain, Dex+2}
 63861 | Vaults:5 | Identified the +1 leather armour of Shielding {Dex+5}
 63994 | Vaults:5 | Got a silver rune of Zot
 65001 | D:8      | Bought a wand of digging (11) for 693 gold pieces
 65501 | Zot:1    | Entered Level 1 of the Realm of Zot
 66209 | Zot:1    | Identified the amulet of Beoxuw {Reflect Rampage Will+
                  | Regen+ SH+5}
 66787 | Zot:2    | Reached XP level 26. HP: 167/201 MP: 29/46
 66792 | Zot:2    | Found an ancient bone altar of Kikubaaqudgha.
 66823 | Zot:2    | Identified the "Heh Lued" (Sif Muna gifted it to you on
                  | level 2 of the Realm of Zot)
 66823 | Zot:2    | Identified the of Guaguask (Sif Muna gifted it to you on
                  | level 2 of the Realm of Zot)
 66823 | Zot:2    | Received a gift from Sif Muna
 67411 | Zot:2    | Found a glowing silver altar of Zin.
 67749 | Zot:2    | Noticed an orb of fire
 67772 | Zot:2    | Killed an orb of fire
 67773 | Zot:2    | Reached skill level 15 in Shields
 68241 | Zot:3    | Identified the "Poun Coomp" (Sif Muna gifted it to you on
                  | level 3 of the Realm of Zot)
 68241 | Zot:3    | Identified the of Oceat (Sif Muna gifted it to you on
                  | level 3 of the Realm of Zot)
 68241 | Zot:3    | Identified the of Onuas (Sif Muna gifted it to you on
                  | level 3 of the Realm of Zot)
 68241 | Zot:3    | Received a gift from Sif Muna
 68878 | Zot:4    | Noticed an orb of fire
 68947 | Zot:4    | Killed an orb of fire
 69328 | Zot:4    | Identified the +5 hat "Sifrixui" {+Blink MP+9 Str+3}
 69370 | Zot:4    | Noticed Vv
 69376 | Zot:4    | Killed Vv
 69377 | Zot:4    | Reached skill level 15 in Invocations
 69792 | Zot:5    | Entered Level 5 of the Realm of Zot
 70660 | Zot:5    | Reached XP level 27. HP: 210/210 MP: 42/47
 70879 | Zot:5    | Noticed an orb of fire
 70882 | Zot:5    | Noticed an orb of fire
 70883 | Zot:5    | Noticed an orb of fire
 70885 | Zot:5    | Noticed an orb of fire
 70888 | Zot:5    | Noticed a dread lich
 70890 | Zot:5    | Killed an orb of fire
 70890 | Zot:5    | Noticed an orb of fire
 70909 | Zot:5    | Identified the of Lehuthruo (Sif Muna gifted it to you on
                  | level 5 of the Realm of Zot)
 70909 | Zot:5    | Identified the of Jaamob (Sif Muna gifted it to you on
                  | level 5 of the Realm of Zot)
 70909 | Zot:5    | Identified the "Yxoy" (Sif Muna gifted it to you on level
                  | 5 of the Realm of Zot)
 70909 | Zot:5    | Identified the of Ejuson Fuus (Sif Muna gifted it to you
                  | on level 5 of the Realm of Zot)
 70909 | Zot:5    | Identified the of Garexuj (Sif Muna gifted it to you on
                  | level 5 of the Realm of Zot)
 70909 | Zot:5    | Received a gift from Sif Muna
 70920 | Zot:5    | Noticed an orb of fire
 70923 | Zot:5    | Killed an orb of fire
 70929 | Zot:5    | Killed an orb of fire
 70933 | Zot:5    | Killed a dread lich
 70937 | Zot:5    | Killed an orb of fire
 70943 | Zot:5    | Killed an orb of fire
 70948 | Zot:5    | Killed an orb of fire
 70953 | Zot:5    | Noticed a dread lich
 70962 | Zot:5    | Killed a dread lich
 71009 | Zot:5    | Noticed an ancient lich
 71014 | Zot:5    | Killed an ancient lich
 71015 | Zot:5    | Reached skill level 15 in Evocations
 71018 | Zot:5    | Noticed an ancient lich
 71023 | Zot:5    | Killed an ancient lich
 71581 | Zot:5    | Got the Orb of Zot
 71750 | Depths:3 | Noticed Qiro the pandemonium lord
 71750 | Depths:3 | Noticed an ancient lich
 72025 | D:4      | Received a gift from Sif Muna
 72167 | D:$      | Escaped with the Orb!

Illustrated notes

Levels and vault maps discovered:
D:1:      dpeg_arrival_simpleton_a, layout_loops_ring, grunt_decor_junction,
          minmay_misc_feat_x
D:2:      layout_loops_cross, st_stairs_12, uniq_robin, uniq_jessica,
          uniq_crazy_yiuf_cottage
D:3:      layout_basic, uniq_terence
D:4:      layout_rooms, minmay_ruined_shrine, uniq_sigmund
D:5:      layout_basic, minmay_temple_entry_antechambers, gammafunk_ghost_icy
D:6:      layout_cave_pools, nicolae_overflow_hallway_of_the_gods, uniq_maggie
D:7:      layout_loops_ring, serial_shops, shop, uniq_prince_ribbit1
D:8:      layout_gridville, enter_bailey_5,
          lightli_ossuary_entry_decrepit_ruins, nicolae_shop_overcharged_wands,
          uniq_maurice, uniq_jeremiah, uniq_grum, uniq_gastronok
D:9:      layout_roguey, david_lair_generic, serial_demonic, serial_demonic_b,
          serial_demonic_a, serial_demonic_g, serial_demonic_d,
          serial_demonic_g, serial_demonic_f
D:10:     layout_stronghold
D:11:     kennysheep_big_flooded_room, layout_basic
D:12:     layout_basic, david_orc_1_choice, gauntlet_entry_generic,
          chequers_serial_rivers_large_a, uniq_nergalle
D:13:     layout_small_grid, david_vaults_3, kennysheep_just_a_vault
D:14:     layout_cave_pods, minmay_misc_feat_alley, serial_shops,
          nicolae_shop_drivethru, lightli_elemental_guards
D:15:     grunt_enter_depths_hoard, layout_long_grid
Temple:   nicolae_temple_bog_church
Lair:1:   layout_cave_shapes, hangedman_lair_generics_rect, uniq_amaemon
Lair:2:   beargit_carnivore_pack, layout_long_grid, minmay_swamp_entry_reptiles,
          minmay_snake_entry_spellcaster, nicolae_quartered_pool_little,
          st_stairs_12, grunt_forest_small_clearings,
          cheibrodos_lair_reptile_den, uniq_erica
Lair:3:   layout_cave_pods, basic_altar
Lair:4:   layout_cave_pods, minmay_slime_entry_jelly_boxes,
          cheibrodos_lair_caveside_slide, infiniplex_staircase_pool,
          uniq_nessos, uniq_urug
Lair:5:   grunt_lair_end_beastmaster, layout_regular_city, wad_woods_03
Swamp:1:  layout_falls_marsh, basic_altar, swamp_pool_1_2
Swamp:2:  layout_basic_swamp, basic_altar, uniq_frances
Swamp:3:  layout_basic_swamp, evilmike_swamp_ruin_rubble_1, swamp_pool_1_2,
          nicolae_swamp_decorative_isthmus, uniq_mlioglotl
Swamp:4:  nzn_swamp_witches_coven, layout_basic_swamp
Snake:1:  layout_basic
Snake:2:  layout_cave_shapes, grunt_megastairs_2, uniq_louise
Snake:3:  layout_grid_maze, drop_trap, guppyfry_snake_island
Snake:4:  grunt_snake_rune_pools, layout_gridlike, serial_bayou,
          serial_bayou_shore_b, serial_bayou_pond_d, serial_bayou_pond_c,
          serial_bayou_lagoon_b, beargit_elvish_explorers, uniq_aizul
Slime:1:  layout_caves
Slime:2:  layout_caves, basic_altar
Slime:3:  layout_caves, basic_altar, cheibrodos_slime_lost_civilization_4
Slime:4:  cheibrodos_slime_lost_civilization_10, layout_caves
Slime:5:  slime_pit_nicolae_amoeboid
Orc:1:    layout_caves, uniq_harold
Orc:2:    grunt_orc_gardens, layout_caves, grunt_orc_garden, grunt_orc_garden,
          grunt_orc_garden, grunt_orc_garden, mines4_lemuel
Elf:1:    minmay_elf_arrival_plus, layout_geoelf_octagon,
          minmay_elf_annihilation
Elf:2:    nicolae_elf_blades_crystal_corner, layout_geoelf_grid, uniq_jorgrun,
          uniq_nikola, uniq_zenata
Elf:3:    elf_hall_gauntlet_narrow, layout_gridlike, serial_shops,
          nicolae_book_shop_shelving, minivault_11
Vaults:1: nicolae_vaults_arrows, nicolae_vaults_sesquioval_fish,
          vaults_dpeg_encased_lava, v_misc_29, v_misc_28,
          nicolae_vaults_sesquioval_fish, v_misc_30,
          nicolae_vaults_tetromino_L_2, nicolae_vaults_house_2,
          layout_vaults_big_cross
Vaults:2: nicolae_vaults_mitosis, nicolae_vaults_windows_and_doors_thing,
          nicolae_vaults_heart-shaped_vault,
          nicolae_vaults_trapezoid_lopsided_2, vaults_dpeg_diagonal,
          ontoclasm_vaults_pinch, nicolae_vaults_ring_of_whatevers,
          nicolae_vaults_oval_intersection, vaults_room_pools,
          hangedman_vaults_maws, nicolae_vaults_cochlea, ontoclasm_vaults_eye,
          nicolae_vaults_octothorpe, vaults_dpeg_emergency_exit,
          nicolae_vaults_ellipses_ellipsis, nicolae_vaults_rhombus_6,
          layout_vaults_omnibox, serial_shops, nicolae_shop_bloodbath_and_beyond
Vaults:3: biasface_ghost_orc_armoury, nicolae_vaults_six-pack,
          nicolae_vaults_network_barrier, nicolae_vaults_tangram_1,
          nicolae_vaults_little_squares_3, minmay_crypt_entry_necro_gods,
          ontoclasm_vaults_loading_screen, v_pattern_1,
          nicolae_vaults_apartment_1, v_misc_26, nicolae_vaults_two_Ls,
          layout_vaults_chaotic_city
Vaults:4: nicolae_vaults_specimen_jars, v_rooms_1, v_pattern_2, v_misc_16,
          nicolae_vaults_display_case, nicolae_vaults_alarming,
          nicolae_vaults_tetromino_T_2, v_misc_15, v_misc_3,
          hangedman_vaults_locks, v_misc_1, nicolae_vaults_lightning_bolt,
          nicolae_vaults_tetromino_T_1, layout_vaults_maze_bifur
Vaults:5
Depths:1: layout_honeycomb, roderic_lattice_a, grunt_hell_entry_demonic_statue,
          serial_shops, shop, abyss_entry, serial_bayou_pond_c,
          guppyfry_shop_venom, minmay_shop_star, grunt_megastairs_5
Depths:2: minmay_the_grid_triangle_9x9_rhombus_thin
          [minmay_the_grid_triangle_9x9_odd_lines,
          minmay_the_grid_triangle_9x9_prize_special,
          minmay_the_grid_triangle_9x9_cache,
          minmay_the_grid_triangle_9x9_steps], layout_cave_shapes,
          rand_demon_pan_entry_9, abyss_entry, hell_entry,
          infiniplex_staircase_split_hallway, serial_bayou_shore_a
Depths:3: ragdoll_tomb_raider, layout_basic, good_gods_temple_1, abyss_entry,
          hangedman_tar_grid_catacomb
Depths:4: grunt_crosshair, layout_gridville, enter_ziggurat_c,
          hangedman_geh_valley, trog_three_pillars_becter
Zot:1:    layout_gridlike, bh_zot_lava_cross, grunt_megastairs_4
Zot:2:    layout_gridlike, skrybe_zot_glass_3, regret_index_zotdec_ceiling_fans
Zot:3:    layout_onion_interference, regret_index_zotdec_serpentine_coiled
Zot:4:    layout_misc_corridors, grunt_megastairs_3, uniq_vv
Zot:5:    layout_basic, grunt_ministairs_14, hangedman_zot_decor_tridents

Skill      XL: |  1  2  3  4  5  6  7  8  9 10 11 12 13 14 15 16 17 18 19 20 21 22 23 24 25 26 27 |
---------------+----------------------------------------------------------------------------------+-----
Summonings     | 5 6 7 8 9 10 11 12 15 18 19 21 23 26 27 | 27.0
Spellcasting   | 3 4 5 8 10 11 13 14 15 17 18 19 20 | 20.0
Hexes          | 1 2 4 5 6 7 |  7.0
Air Magic      | 5 7 8 11 17 21 22 | 22.0
Fighting       | 4 5 6 7 10 13 15 19 | 19.2
Invocations    | 2 10 11 12 15 | 15.0
Evocations     | 3 6 10 12 15 | 15.0
Polearms       | 3 7 10 11 | 11.1
Shields        | 5 13 15 | 15.0
Armour         | 6 8 |  8.1
Dodging        | 6 10 11 12 15 | 15.0
Translocations | 5 |  5.0
Stealth        | |  1.7

Action                     |  1- 3 |  4- 6 |  7- 9 | 10-12 | 13-15 | 16-18 | 19-21 | 22-24 | 25-27 || total
---------------------------+-------+-------+-------+-------+-------+-------+-------+-------+-------++-------
  Melee: Short sword       |     1 |       |       |       |       |       |       |       |       ||     1
         Long sword        |     3 |       |    16 |     2 |       |       |       |       |       ||    21
         Trident           |       |       |       |    85 |   182 |   108 |     3 |       |       ||   378
         Whip              |       |       |       |       |     2 |       |       |       |       ||     2
         War axe           |       |       |       |       |    10 |     4 |     1 |       |       ||    15
         Hand axe          |       |       |       |       |       |       |    17 |    32 |    10 ||    59
  Throw: Stone             |     1 |     1 |       |       |       |       |       |       |       ||     2
         Dart              |       |       |       |       |     3 |       |     1 |     1 |       ||     5
   Cast: Summon Small Mamm |    56 |    31 |    19 |     4 |    21 |       |       |       |       ||   131
         Call Imp          |    10 |    46 |    62 |    40 |   150 |    48 |       |       |       ||   356
         Call Canine Famil |     1 |    20 |    36 |    51 |    84 |     2 |       |       |       ||   194
         Summon Guardian G |       |     1 |    26 |    39 |    93 |    16 |    13 |       |       ||   188
         Summon Lightning  |       |       |     5 |    49 |   141 |   104 |    96 |    21 |       ||   416
         Swiftness         |       |       |       |     1 |     3 |     1 |     3 |     2 |     3 ||    13
         Airstrike         |       |       |       |       |   117 |   243 |   383 |   232 |   102 ||  1077
         Summon Mana Viper |       |       |       |       |    32 |    34 |    26 |    12 |    23 ||   127
         Monstrous Menager |       |       |       |       |    64 |   248 |   250 |   241 |   162 ||   965
         Summon Horrible T |       |       |       |       |       |    69 |    64 |    48 |    10 ||   191
         Apportation       |       |       |       |       |       |     2 |       |    17 |    14 ||    33
         Maxwell's Capacit |       |       |       |       |       |       |     7 |    69 |   103 ||   179
         Dragon's Call     |       |       |       |       |       |       |       |    25 |    20 ||    45
         Cause Fear        |       |       |       |       |       |       |       |     1 |     1 ||     2
         Malign Gateway    |       |       |       |       |       |       |       |     5 |    13 ||    18
 Invoke: Channel Magic     |       |       |       |     1 |     1 |     1 |     4 |     9 |     5 ||    21
Ability: Hop               |     1 |     1 |     4 |     5 |    14 |    13 |    14 |    16 |    14 ||    82
  Evoke: Wand              |       |       |     5 |     1 |     4 |     2 |       |     8 |    13 ||    33
         Phial of floods   |       |       |       |       |     1 |       |       |       |       ||     1
         Lightning rod     |       |       |       |       |       |     1 |       |     3 |       ||     4
         Tin of tremorston |       |       |       |       |       |       |       |     3 |     1 ||     4
         Phantom mirror    |       |       |       |       |       |       |       |     2 |       ||     2
    Use: Scroll            |     3 |     1 |     8 |     7 |    21 |    10 |     5 |    22 |    11 ||    88
         Potion            |       |     1 |     1 |     2 |     5 |     3 |     4 |    23 |    17 ||    56
   Stab: Distracted        |       |       |       |     3 |     6 |     4 |       |     3 |       ||    16
 Armour: Robe              |     4 |     1 |    21 |    39 |    94 |     7 |       |       |    72 ||   238
         Leather armour    |       |       |       |       |       |   119 |   122 |   166 |    16 ||   423
         Swamp dragon scal |       |       |       |       |       |     7 |       |       |       ||     7
         Skin              |       |       |       |       |       |       |       |       |    12 ||    12
  Dodge: Dodged            |     2 |     5 |    23 |    26 |    50 |    76 |    73 |    91 |    60 ||   406
  Block: Buckler           |       |       |       |     6 |    39 |    51 |    50 |    40 |     3 ||   189
         Kite shield       |       |       |       |       |       |       |       |       |    39 ||    39

Table legend: (Time is in decaauts)
 A = Elapsed time spent in this place.
 B = Non-inter-level travel time spent in this place.
 C = Inter-level travel time spent in this place.
 D = Time resting spent in this place.
 E = Time spent auto-exploring this place.
 F = Levels seen in this place.
 G = Mean time per level.
                   A        B        C        D        E       F      G
               +--------+--------+--------+--------+--------+-----+--------+
         Total |  84636 |  73973 |  10663 |  17134 |   7665 |  55 | 1538.8 |
       Dungeon |  24607 |  20678 |   3929 |   4951 |   1956 |  15 | 1640.5 |
        Temple |     36 |      3 |     33 |      0 |      0 |   1 |   36.0 |
          Lair |  10103 |   8687 |   1416 |   2021 |    833 |   5 | 2020.6 |
         Swamp |   3998 |   3783 |    215 |    886 |    516 |   4 |  999.5 |
     Snake Pit |   8838 |   7924 |    914 |   2401 |    804 |   4 | 2209.5 |
    Slime Pits |   2250 |   2187 |     63 |    627 |    219 |   5 |  450.0 |
  Orcish Mines |   2271 |   1946 |    325 |    357 |      0 |   2 | 1135.5 |
   Elven Halls |   5578 |   5143 |    435 |   1235 |    771 |   3 | 1859.3 |
        Vaults |  11240 |   9916 |   1324 |   1973 |   1809 |   5 | 2248.0 |
        Depths |   7425 |   6083 |   1342 |    733 |    313 |   4 | 1856.2 |
           Zot |   7172 |   6509 |    663 |   1854 |    440 |   5 | 1434.4 |
        Bailey |    418 |    418 |      0 |      0 |      0 |   1 |  418.0 |
      Gauntlet |    694 |    694 |      0 |     94 |      0 |   1 |  694.0 |
               +--------+--------+--------+--------+--------+-----+--------+

Top non-repeatable levels by time:
 Snake:4: 3560 daAuts
Vaults:1: 2612 daAuts
Vaults:5: 2523 daAuts
   Elf:3: 2494 daAuts
Vaults:3: 2340 daAuts
  Lair:4: 2339 daAuts
  Lair:5: 2315 daAuts
    D:12: 2311 daAuts
Depths:1: 2206 daAuts
Vaults:4: 2139 daAuts
Depths:3: 2120 daAuts
     D:9: 2090 daAuts
     D:2: 2041 daAuts
 Snake:3: 2015 daAuts
     D:5: 1961 daAuts
